 Dungeon Crawl Stone Soup version 0.13.0-19-g8e0b589 (webtiles) character file.

288 Holgar the Cudgeler (level 4, -8/58 HPs)
             Began as a Minotaur Berserker on Oct 25, 2013.
             Was a Priest of Trog.
             Mangled by an ogre
             ... wielding a +0,+0 giant club
              (12 damage)
             ... on Level 3 of the Dungeon.
             The game lasted 00:07:43 (1763 turns).

Holgar the Cudgeler (Minotaur Berserker)            Turns: 1763, Time: 00:07:43

HP  -8/58        AC  6     Str 28      XL: 4   Next: 47%
MP   1/1         EV  9     Int  4      God: Trog [***...]
Gold 188         SH  0     Dex  9      Spells:  0 memorised,  3 levels left

Res.Fire  : . . .   See Invis. : .   a - +0 mace
Res.Cold  : . . .   Warding    : .   v - +0 scale mail
Life Prot.: . . .   Conserve   : .   (no shield)
Res.Poison: .       Res.Corr.  : .   (helmet restricted)
Res.Elec. : .       Clarity    : .   (no cloak)
Sust.Abil.: . .     Spirit.Shd : .   (no gloves)
Res.Mut.  : .       Stasis     : .   (no boots)
Res.Rott. : .       Flight     : .   (no amulet)
Saprovore : . . .                    (no ring)
                                     (no ring)

@: berserking, very quick, slightly resistant to hostile enchantments, extremely
unstealthy
A: retaliatory headbutt, horns 2
a: Burn Spellbooks, Berserk, Trog's Hand, Renounce Religion


You were on level 3 of the Dungeon.
You worshipped Trog.
Trog was most pleased with you.
You were hungry.

You visited 1 branch of the dungeon, and saw 3 of its levels.

You collected 168 gold pieces.

Inventory:

Hand weapons
 a - a +0,+0 mace (weapon)
Armour
 v - a +0 scale mail (worn)
Comestibles
 c - 5 bread rations
 r - a rotting chunk of quokka flesh
 x - a choko
Scrolls
 b - 2 scrolls of amnesia {unknown}
 g - 2 scrolls of curse weapon {unknown}
 h - 3 scrolls of blinking {unknown}
 i - 4 scrolls of remove curse {unknown}
 j - a scroll of noise {unknown}
 m - a scroll of magic mapping {unknown}
 s - a scroll of teleportation {unknown}
 t - a scroll of curse armour {unknown}
 u - a scroll of recharging {unknown}
 y - a scroll of curse jewellery {unknown}
Jewellery
 k - an uncursed ring of sustain abilities {unknown}
 q - an uncursed amulet of conservation {unknown}
 w - a +1 ring of protection {unknown}
Potions
 d - a potion of degeneration {unknown}
 e - a potion of resistance {unknown}
 f - 4 potions of might {unknown}
 l - a potion of mutation {unknown}
 n - a potion of speed {unknown}
 o - a potion of flight {unknown}
 p - 2 potions of curing {unknown}


   Skills:
 - Level 3.6 Fighting
 + Level 6.4 Maces & Flails
 - Level 2.4 Armour
 - Level 2.1 Dodging


You had 3 spell levels left.
You didn't know any spells.

Dungeon Overview and Level Annotations

Branches:
Dungeon (3/27)

Altars:


Innate Abilities, Weirdness & Mutations

You reflexively headbutt those who attack you in melee.
You have a pair of horns on your head.


Message History

You hit the ogre.
The ogre is lightly wounded.
You sock the ogre!
The ogre is moderately wounded.
The ogre hits you with a giant club!
Ouch! That really hurt!
You hit the ogre but do no damage.
The ogre is moderately wounded.
The ogre barely misses you. You furiously retaliate!
You headbutt the ogre, but do no damage.
You hit the ogre. Your headbutt misses the ogre.
The ogre is moderately wounded.
The ogre hits you with a giant club!
* * * LOW HITPOINT WARNING * * *
Use which ability? (? or * to list)
A red film seems to cover your vision as you go berserk!
You feel yourself moving faster!
You feel mighty!
You are feeling hungry.
The ogre hits you with a giant club!
You die...

##...## ###+## ###..#
#....# ##.# #....#
######'## #....##
#.......# #....'
#.......' #....#
+.>....># #...O#
#.......# #...@#
#.......# ###'##
###'##### #..# ##..#
#.## #..## #.#
##'##### #.# #......#
#.# #......#
###.###### #......###
#........####......'..


You could see an ogre.

Vanquished Creatures
  Terence (D:2)
  2 adders (D:2)
  2 worms (D:2)
  2 giant geckos (D:3)
  A ball python (D:2)
  2 giant cockroaches (D:1)
  6 hobgoblins
  3 kobolds
  5 quokkas
  8 bats
  A giant newt (D:3)
  4 goblins
  7 jackals
  15 rats
59 creatures vanquished.

Notes
Turn   | Place    | Note
--------------------------------------------------------------
     0 | D:1      | Holgar, the Minotaur Berserker, began the quest for the Orb.
     0 | D:1      | Reached XP level 1. HP: 19/19 MP: 0/0
    33 | D:1      | Reached skill level 4 in Maces & Flails
    40 | D:1      | Reached XP level 2. HP: 23/26 MP: 0/0
   380 | D:1      | Acquired Trog's second power
   540 | D:2      | Reached skill level 5 in Maces & Flails
   540 | D:2      | Reached XP level 3. HP: 20/33 MP: 1/1
   541 | D:2      | Noticed Terence
   548 | D:2      | Killed Terence
   877 | D:2      | Reached XP level 4. HP: 34/39 MP: 1/1
   899 | D:2      | Reached skill level 6 in Maces & Flails
  1757 | D:3      | Noticed an ogre
  1763 | D:3      | Mangled by an ogre

Action                   |  1- 3 |  4- 6 || total
-------------------------+-------+-------++-------
Melee: Mace              |    71 |    57 ||   128
Invok: Berserk           |     1 |     1 ||     2
